 Dungeon Crawl Stone Soup version 0.27-a0-965-gbf8bb431c4 (webtiles) character file.

Game seed: 15745652731294828849

86 siradein the Slasher (level 4, -4/36 HPs)
             Began as a Ghoul Warper on Apr 13, 2021.
             Slain by a scorpion (7 damage)
             ... on level 3 of the Dungeon.
             The game lasted 00:07:18 (2836 turns).

siradein the Slasher (Ghoul Warper)                 Turns: 2836, Time: 00:07:18

Health: -4/36      AC:  7    Str: 15    XL:     4   Next: 49%
Magic:  5/5        EV: 10    Int:  8    God:
Gold:   19         SH:  0    Dex:  8    Spells: 6/6 levels left

rFire    . . .     SeeInvis .   g - +0 great sword
rCold    + + .     Faith    .   (shield currently unavailable)
rNeg     + + +     Spirit   .   o - +1 ring mail {rC+}
rPois    ∞         Reflect  .   (no helmet)
rElec    .         Harm     .   (no cloak)
rCorr    .         Rampage  .   n - +0 pair of gloves
Will     .....                  (no boots)
Stlth    ..........             (no amulet)
HPRegen  0.00/turn              (no ring)
MPRegen  0.09/turn              (no ring)

@: no status effects
A: claws 1, cold resistance 1, negative energy resistance 3, inhibited
regeneration, torment resistance 2, unbreathing 1
a: no special abilities


You were on level 3 of the Dungeon.
You visited 1 branch of the dungeon, and saw 3 of its levels.

You collected 19 gold pieces.

Inventory:

Hand Weapons
 g - a +0 great sword (weapon)
Missiles
 a - 20 poisoned darts (quivered)
 d - 5 boomerangs of dispersal
Armour
 n - a +0 pair of gloves (worn)
 o - a +1 ring mail of cold resistance (worn)
Scrolls
 c - 2 scrolls of blinking
 f - a scroll of summoning {unknown}
 j - a scroll of vulnerability {unknown}
 m - a scroll of magic mapping {unknown}
Potions
 b - a potion of resistance {unknown}
 e - a potion of haste {unknown}
 h - a potion of lignification {unknown}
 i - 2 potions of heal wounds {unknown}
 k - a potion of flight {unknown}
 l - a potion of brilliance {unknown}


   Skills:
 - Level 2.1 Fighting
 + Level 3.2 Long Blades
 - Level 0.8 Throwing
 - Level 0.8 Armour
 - Level 1.7 Dodging
 - Level 2.9 Unarmed Combat
 - Level 1.7 Spellcasting
 - Level 2.6 Translocations


You had 6 spell levels left.
You didn't know any spells.
Your spell library contained the following spells:

 Spells                   Type           Power      Damage    Failure   Level
 Blink                    Tloc           N/A        N/A       36%         2
 Magic Dart               Conj           0%         1d3       58%         1
 Gell's Gravitas          Tloc           2%         N/A       58%         3
 Lesser Beckoning         Tloc           2%         N/A       58%         3
 Teleport Other           Tloc           5%         N/A       58%         3
 Call Imp                 Summ           0%         N/A       73%         2
 Slow                     Hex            0%         N/A       73%         2
 Conjure Flame            Conj/Fire      0%         6-21      91%         3
 Mephitic Cloud           Conj/Pois/Air  0%         N/A       91%         3
 Manifold Assault         Tloc           5%         N/A       100%        5


Dungeon Overview and Level Annotations

Branches:
Dungeon (3/15)

Altars:


Innate Abilities, Weirdness & Mutations

You thrive by killing the living.
You are immune to poison.
You have sharp fingernails.
Your flesh is cold resistant. (rC+)
You are immune to negative energy. (rN+++)
You do not regenerate when monsters are visible.
You are immune to unholy pain and torment.
You can survive without breathing.


Message History

You hit the hobgoblin.
You kill the hobgoblin!
No target in view!
No target in view!
You see here a +0 scale mail.
You open the door.
There is an open door here.
There is an open door here.
There is an open door here.
A gnoll is nearby!
You start waiting.
A gnoll is nearby!
The gnoll hits you but does no damage.
You barely miss the gnoll. The gnoll hits you but does no damage.
The gnoll hits you from afar with a +0 halberd.
The gnoll hits you with a +0 spear. The gnoll barely misses you.
There is an open door here.
There is an open door here.
There is an open door here.
There is a stone staircase leading down here.
You climb downwards.
Found a stone staircase leading up.
There is a stone staircase leading up here.
HP restored.
There is a stone staircase leading up here.
m - a scroll labelled BONNAF XOEHOE A scorpion and an ogre come into view.
The scorpion moves out of view.
You hit the ogre.
The ogre is lightly wounded.
The ogre hits you with a +0 giant club!!
Ouch! That really hurt!
* * * LOW HITPOINT WARNING * * *
You are too injured to fight recklessly!
The scorpion stings you.
* * * LOW HITPOINT WARNING * * *
Found a tower shield.
You closely miss the scorpion. The scorpion stings you!
You die...

#######.# ..#
#.......##.###..
#.######........
#...###.. #
#..## ##. #..#
#[.. #..#
#..#####..#
#..@sO.<.#
#..######.# ....
#.# #^#. #.## #
# #.<# ##.# #.#
#.# #.#


You could see an ogre and a scorpion.

Vanquished Creatures
  A hound (D:2)
  2 gnolls (D:1)
  An adder (D:2)
  A dart slug (D:2)
  An orc (D:2)
  2 endoplasms (D:2)
  2 giant cockroaches (D:1)
  4 hobgoblins
  A quokka (D:1)
  4 ball pythons
  2 bats
  4 frilled lizards
  A kobold (D:2)
  2 rats
28 creatures vanquished.

Notes
Turn   | Place    | Note
-------+----------+-------------------------------------------
     0 | D:1      | siradein the Ghoul Warper began the quest for the Orb.
     0 | D:1      | Reached XP level 1. HP: 17/17 MP: 2/2
   539 | D:1      | Reached XP level 2. HP: 16/24 MP: 3/3
  1130 | D:2      | Reached skill level 1 in Long Blades
  1394 | D:2      | Reached XP level 3. HP: 29/29 MP: 4/4
  1876 | D:1      | HP: 1/29 [gnoll/+0 club (2)]
  1878 | D:1      | Reached skill level 2 in Long Blades
  2507 | D:2      | Found a faded altar of an unknown god.
  2563 | D:2      | Reached skill level 3 in Long Blades
  2563 | D:2      | Reached XP level 4. HP: 35/36 MP: 5/5
  2824 | D:3      | Noticed an ogre
  2824 | D:3      | Noticed a scorpion
  2836 | D:3      | Slain by a scorpion

Illustrated notes

Levels and vault maps discovered:
D:1:      psy_arrival_fountain, layout_basic, minmay_misc_feat_iff,
          minmay_pentomino_s2
D:2:      layout_basic, shapermc_ecumenical_altar_mp_highgroup
D:3:      minmay_spotlight, layout_loops_ring, serial_shops, nicolae_shop_trees,
          uniq_natasha

Skill      XL: |  1  2  3 |
---------------+----------+-----
Long Blades    | 1 3 |  3.2
Fighting       | |  2.1
Throwing       | |  0.8
Armour         | |  0.8
Dodging        | |  1.7
Unarmed Combat | |  2.9
Spellcasting   | |  1.7
Translocations | |  2.6

Action                   |  1- 3 |  4- 6 || total
-------------------------+-------+-------++-------
Melee: Great sword       |    81 |    22 ||   103
       Unarmed           |     7 |       ||     7
Armor: Leather armour    |    20 |       ||    20
       Scale mail        |    18 |       ||    18
       Ring mail         |     4 |    15 ||    19
Dodge: Dodged            |    96 |    21 ||   117
       Rpst.: Great sword |    20 |     6 ||    26

Table legend: (Time is in decaauts)
 A = Elapsed time spent in this place.
 B = Non-inter-level travel time spent in this place.
 C = Inter-level travel time spent in this place.
 D = Time resting spent in this place.
 E = Time spent auto-exploring this place.
 F = Levels seen in this place.
 G = Mean time per level.
                   A        B        C        D        E       F      G
               +--------+--------+--------+--------+--------+-----+--------+
         Total |   2907 |   2885 |     22 |    765 |   1603 |   3 |  969.0 |
       Dungeon |   2907 |   2885 |     22 |    765 |   1603 |   3 |  969.0 |
               +--------+--------+--------+--------+--------+-----+--------+

Top non-repeatable levels by time:
     D:1: 1937 daAuts
     D:2: 889 daAuts
     D:3: 80 daAuts
